 Dungeon Crawl Stone Soup version 0.21.0-24-g2553a33 (webtiles) character file.

224 Monsterracer the Ducker (level 5, -11/28 HPs)
             Began as a Spriggan Berserker on Jan 19, 2018.
             Was a Believer of Trog.
             Mangled by Pikel
             ... wielding a +2 whip of electrocution
              (20 damage)
             ... on level 3 of the Dungeon.
             The game lasted 00:05:07 (4247 turns).

Monsterracer the Ducker (Spriggan Berserker)        Turns: 4247, Time: 00:05:07

Health: -11/28     AC:  3    Str: 13    XL:     5   Next: 67%
Magic:  6/6        EV: 21    Int:  8    God:    Trog [**....]
Gold:   264        SH:  0    Dex: 17    Spells: 4/4 levels left

rFire    . . .     SeeInvis +   b - +2 dagger (venom)
rCold    . . .     Gourm    .   (shield restricted)
rNeg     . . .     Faith    .   p - +1 animal skin
rPois    .         Spirit   .   (helmet restricted)
rElec    .         Reflect  .   (no cloak)
rCorr    .         Harm     .   (gloves unavailable)
MR       .....                  (boots unavailable)
Stlth    +++.......             (no amulet)
HPRegen  0.09/turn              (no ring)
MPRegen  0.10/turn              (no ring)

@: very quick
A: very small, unfitting armour, see invisible, herbivore, speed 3, slow
metabolism 2
a: Berserk, Trog's Hand, Burn Spellbooks, Renounce Religion


You were on level 3 of the Dungeon.
You worshipped Trog.
Trog was pleased with you.
You were not hungry.

You visited 1 branch of the dungeon, and saw 4 of its levels.

You collected 264 gold pieces.

Inventory:

Hand Weapons
 a - a +1 short sword
 b - a +2 dagger of venom (weapon)
Missiles
 m - a throwing net (quivered)
Armour
 p - a +1 animal skin (worn)
Wands
 j - a wand of flame (26)
 k - a wand of acid (6)
Scrolls
 e - 3 scrolls of enchant weapon
Potions
 d - a potion of degeneration {unknown}
 f - 2 potions of heal wounds {unknown}
 g - a potion of curing
 h - a potion of flight {unknown}
 i - a potion of agility {unknown}
 l - a potion of might
 o - 2 potions of lignification
Comestibles
 c - 4 rations


   Skills:
 + Level 3.2 Fighting
 * Level 5.2 Short Blades
 + Level 5.7 Dodging
 + Level 3.5 Stealth


You had 4 spell levels left.
You didn't know any spells.

Dungeon Overview and Level Annotations

Branches:
Dungeon (4/15)
 Temple: D:4-7

Altars:
Fedhas
Sif Muna

Annotations:
D:3 Pikel


Innate Abilities, Weirdness & Mutations

You are very small and have problems with some larger weapons.
You are too small for most types of armour.
You have supernaturally acute eyesight. (SInv)
You are a herbivore.
You cover ground extremely quickly.
You need consume almost no food.


Message History

The adder is heavily wounded.
The adder closely misses you.
You hit the adder but do no damage.
The adder looks as sick as possible!
The adder is heavily wounded.
The adder bites you but does no damage.
You hit the adder but do no damage.
The adder looks as sick as possible!
The adder is heavily wounded.
The adder misses you.
You closely miss the adder.
The adder is almost dead.
You kill the adder!
Trog accepts your kill.
l - a potion of might You open the door.
There is an open door here.
Found a quarterstaff.
You open the door.
There is an open door here.
Found a robe.
No target in view!
No target in view!
A slave comes into view.
A slave is nearby!
A slave is nearby!
Pikel the Slaver comes into view.
He is wielding a whip of electrocution.
You see here a ration.
c - 5 rations (gained 1)
You eat one of the 5 rations.
That ration really hit the spot!
Pikel shouts!
Pikel cracks his whip.
The slave misses you.
You hit the slave.
The slave is poisoned.
The slave is lightly wounded.
You hit the slave.
The slave looks as sick as possible!
The slave is lightly wounded.
The slave hits you but does no damage.
A slave comes into view.
Pikel says, "You'll feel the lick of my whip!"
You hit the slave.
The slave looks as sick as possible!
The slave is heavily wounded.
The slave closely misses you.
Pikel says, "Why not give up?
You'll get fed.
Maybe."
You barely miss the slave.
The slave is almost dead.
The slave misses you.
You barely miss the slave.
The slave is almost dead.
You hit the slave but do no damage.
The slave looks as sick as possible!
The slave is almost dead.
You hit Pikel but do no damage.
You kill the slave!
That felt strangely unrewarding.
You hit Pikel but do no damage.
Pikel hits you with a whip of electrocution!
You take 8 damage, and have 20/28 hp.
MASSIVE DAMAGE!!
There is a stone staircase leading up here.
Pikel barely misses you.
You climb upwards.
There is a stone staircase leading down here.
Unknown command.
You closely miss Pikel. Pikel closely misses you.
You hit Pikel but do no damage.
Pikel is poisoned.
You hit Pikel but do no damage.
Pikel looks as sick as possible!
Pikel closely misses you.
You barely miss Pikel.
Pikel is lightly wounded.
Pikel hits you with a whip of electrocution!
* * * LOW HITPOINT WARNING * * *
You take 12 damage, and have 9/28 hp.
MASSIVE DAMAGE!!
There is an open door here.
You start resting.
You closely miss Pikel.
Pikel is heavily wounded.
Pikel hits you with a whip of electrocution.
* * * LOW HITPOINT WARNING * * *
You take 1 damage, and have 9/28 hp.
You start resting.
You miss Pikel.
Pikel is severely wounded.
Pikel misses you.
You hit Pikel but do no damage.
Pikel is severely wounded.
Pikel misses you.
You hit Pikel but do no damage.
Pikel is severely wounded.
You miss Pikel.
Pikel is severely wounded.
Pikel completely misses you.
You hit Pikel but do no damage.
Pikel is poisoned.
Pikel is severely wounded.
Pikel completely misses you.
Pikel says, "Slavery isn't that bad."
You see here 3 tomahawks.
You hit Pikel but do no damage.
Pikel looks even sicker.
Pikel is severely wounded.
Pikel hits you with a whip of electrocution.
* * * LOW HITPOINT WARNING * * *
You are electrocuted!
Ouch! That really hurt!
You die...

†..#...............##...##+#..###
...........<#.####......##.#..###
##.#............................#
...#.#'###########.###..##......#
.#...............#(.............#
...#....####......#####.##.###.##
##.###..##.'......# #.##.......
######..##.#....K.# ###.##..#.###
........##'#..))@.###.......#.#
######.................#.#.##.#
....##.................#......#
...#...................#.#.####
...........#...........#...#
.#.#.#.#.###...........#...#
<###.#.#.# #..........(#...#
.#.......# #.......#####+#'######
.#.#.#.### #.......##............


You could see Pikel.

Vanquished Creatures
  A slave (D:4)
  An orc priest (D:3)
  Jessica (D:2)
  Natasha (twice) (D:2)
  6 adders
  An ooze (D:2)
  A worm (D:3)
  A leopard gecko (D:3)
  2 orcs (D:3)
  2 ball pythons (D:3)
  A giant cockroach (D:2)
  6 goblins
  4 hobgoblins
  7 jackals (D:3)
  5 quokkas
  8 bats
  2 frilled lizards
  3 kobolds
  5 rats
59 creatures vanquished.

Notes
Turn   | Place    | Note
-------+----------+-------------------------------------------
     0 | D:1      | Monsterracer the Spriggan Berserker began the quest for the Orb.
     0 | D:1      | Reached XP level 1. HP: 11/11 MP: 2/2
   877 | D:2      | Reached skill level 1 in Stealth
   877 | D:2      | Reached XP level 2. HP: 16/16 MP: 3/3
   989 | D:2      | You fall through a shaft for 2 floors!
   993 | D:4      | Noticed a centaur
  1012 | D:4      | HP: 4/16 [centaur/arrow (8)]
  1045 | D:3      | HP: 2/16 [leopard gecko (3)]
  1054 | D:3      | HP: 3/24 [jackal (1)]
  1363 | D:3      | Reached XP level 3. HP: 19/19 MP: 4/4
  1515 | D:3      | Reached skill level 5 in Dodging
  1731 | D:2      | Noticed Jessica
  1735 | D:2      | HP: 2/19 [Jessica/wand of flame (29) (14)]
  1740 | D:2      | Killed Jessica
  1740 | D:2      | Reached XP level 4. HP: 4/23 MP: 5/5
  2082 | D:2      | Noticed Natasha
  2092 | D:2      | Killed Natasha
  2096 | D:2      | Reached ** piety under Trog
  2306 | D:2      | Found a deep blue altar of Sif Muna.
  2497 | D:2      | Reached XP level 5. HP: 28/28 MP: 6/6
  2599 | D:2      | Noticed Natasha
  2608 | D:2      | HP: 3/28 [Natasha (13)]
  2900 | D:2      | HP: 20/42 [Natasha/magic dart (5)]
  2902 | D:2      | Killed Natasha
  3460 | D:3      | Reached skill level 5 in Short Blades
  3476 | D:3      | HP: 14/28 [poisoned by an orc]
  3481 | D:3      | HP: 13/28 [poisoned by an orc]
  3486 | D:3      | HP: 11/28 [poisoned by an orc]
  3761 | D:3      | Found a blossoming altar of Fedhas.
  4139 | D:4      | Noticed a slave
  4141 | D:4      | Noticed Pikel
  4153 | D:4      | Noticed a slave
  4168 | D:4      | Killed a slave
  4174 | D:4      | Noticed a slave
  4178 | D:3      | HP: 9/28 [Pikel/whip of electrocution (12)]
  4201 | D:3      | HP: 9/28 [Pikel/whip of electrocution (2)]
  4247 | D:3      | HP: 9/28 [Pikel/whip of electrocution (2)]
  4247 | D:3      | Mangled by Pikel

Skill      XL: |  1  2  3  4  5 |
---------------+----------------+-----
Stealth        | 1 2 3 |  3.5
Short Blades   | 4 5 |  5.2
Dodging        | 5 |  5.7
Fighting       | 3 |  3.2

Action                   |  1- 3 |  4- 6 || total
-------------------------+-------+-------++-------
Melee: Short sword       |    65 |    97 ||   162
       Dagger            |       |    48 ||    48
Invok: Berserk           |     5 |     2 ||     7
  Use: Scroll            |     2 |     4 ||     6
 Stab: Sleeping          |     3 |     4 ||     7
  Eat: Ration            |     1 |     3 ||     4
Armor: Animal skin       |     7 |    10 ||    17
Dodge: Dodged            |    56 |    99 ||   155

Vault maps used:
D:1:      saegor_arrival_simple_f, serial_co_window_serial, co_window_paths_a,
          co_window_of_opportunity_a, co_window_of_opportunity_a,
          co_window_paths_b, co_window_corner_a, co_window_unsneaky_path_c,
          co_window_corner_cb, co_window_paths_c, co_window_unsneaky_path_e,
          glass_columns_b
D:2:      overflow_temple_1_default, uniq_jessica, uniq_natasha
D:3:      lemuel_doored_altar, lemuel_another_geyser
D:4:      first_ration, minmay_checkerbox, uniq_pikel
